 Dungeon Crawl Stone Soup version 0.30.1-11-g7821555f0a (webtiles) character file.

Game seed: 14930340588208090246

885 lonewolfV2 the Chopper (level 8, 0/97 HPs)
             Began as a Formicid Fighter on Nov 15, 2023.
             Killed from afar by a steam dragon (3 damage)
             ... with a ball of steam
             ... on level 5 of the Dungeon.
             The game lasted 00:05:59 (3120 turns).

lonewolfV2 the Chopper (Formicid Fighter)           Turns: 3120, Time: 00:06:00

Health: 0/97       AC: 24    Str: 28    XL:     8   Next: 26%
Magic:  8/8        EV:  2    Int:  9    God:
Gold:   187        SH:  7    Dex: 19    Spells: 7/7 levels left

rFire   . . .        a - +0 war axe
rCold   . . .        c - +1 buckler
rNeg    . . .        b - melded +0 scale mail
rPois   +            (helmet unavailable)
rElec   .            (cloak currently unavailable)
rCorr   .            o - melded +0 pair of gloves
SInv    .            (boots currently unavailable)
Will    .....        (no amulet)
Stlth   ++           g - +6 ring of dexterity
HPRegen 0.36/turn    m - +6 ring of strength
MPRegen 0.11/turn

%: no passive effects
@: tree-form
A: stationary, stasis, torment immunity, boosted hp, permanent stasis, dig
shafts and tunnels, (antennae 3), four strong arms
a: no special abilities


You were on level 5 of the Dungeon.
You were a tree.
You visited 1 branch of the dungeon, and saw 5 of its levels.

You collected 187 gold pieces.

Inventory:

Hand Weapons
 a - a +0 war axe (weapon)
Armour
 b - a +0 scale mail (melded)
 c - a +1 buckler (worn)
 o - a +0 pair of gloves (melded)
Jewellery
 f - a ring of magical power
 g - a +6 ring of dexterity (left branch)
 l - a ring of poison resistance
 m - a +6 ring of strength (right branch)
Potions
 h - 2 potions of cancellation
 j - a potion of degeneration {unknown}
 n - 2 potions of attraction
 p - a potion of ambrosia {unknown}


   Skills:
 + Level 6.7 Fighting
 * Level 7.3 Axes
 - Level 3.2 Armour
 - Level 4.0 Shields


You had 7 spell levels left.
You didn't know any spells.
Your spell library contained the following spells:

 Spells                   Type           Power      Damage    Failure   Level
 Shock                    Conj/Air       0%         1d3       43%         1
 Airstrike                Air            0%         2d(0-16)  99%         4
 Swiftness                Air            Unusable   N/A       N/A         3

Dungeon Overview and Level Annotations

Branches:
Dungeon (5/15)
 Temple: D:4-7

Altars:
Hepliaklqana
Wu Jian


Innate Abilities, Weirdness & Mutations

You are a tree.
Your roots penetrate the ground, keeping you stationary.
You cannot be teleported.
You are immune to unholy pain and torment.
Your maximum health is greatly increased.
Your equipment is partially melded.
You cannot be hasted, slowed, berserked, paralysed or teleported.
You can dig through walls and to a lower floor.
((You have a pair of large antennae on your head. (SInv)))
Your four strong arms can wield two-handed weapons with a shield.


Message History

You slash the steam dragon!
The steam dragon is almost dead.
You hit the steam dragon. You block the steam dragon's attack.
The steam dragon claws you but does no damage.
You block the steam dragon's attack.
The steam dragon claws you but does no damage.
You hit the steam dragon.
The steam dragon is almost dead.
You hit the steam dragon but do no damage.
The steam dragon bites you.
* * * LOW HITPOINT WARNING * * *
You block the steam dragon's attack.
The steam dragon bites you but does no damage.
The steam dragon claws you.
* * * LOW HITPOINT WARNING * * *
The steam dragon bites you but does no damage.
You block the steam dragon's attack. The steam dragon breathes steam at you.
The ball of steam hits you but does no damage.
You closely miss the steam dragon.
The steam dragon is severely wounded.
You hit the steam dragon but do no damage.
You are engulfed in a cloud of scalding steam.
* * * LOW HITPOINT WARNING * * *
The steam dragon bites you but does no damage.
The steam dragon claws you but does no damage.
The steam dragon bites you but does no damage.
The steam dragon claws you but does no damage.
You hit the steam dragon.
You kill the steam dragon!
You hit the steam dragon but do no damage.
You are engulfed in a cloud of scalding steam.
You block the steam dragon's attack.
The steam dragon claws you but does no damage.
Your Axes skill increases to level 7!
You hit the steam dragon.
The steam dragon is almost dead.
The steam dragon breathes steam at you. The ball of steam hits you.
You die...

. .. .!.
##### ....
##P..##
.....#≈.≈.P##
#####.^.D..~#
PP~...~.♣..^#
........§..~#
^~.~......~##
#####^~§^§~#
###§.### ####


You could see a steam dragon (catching breath).

Vanquished Creatures
  Grinder (D:4)
  Eustachio (D:4)
  A steam dragon (D:5)
  Blork the orc (D:4)
  A scorpion (D:4)
  Jessica (D:2)
  2 orc wizards (D:4)
  Natasha (twice) (D:2)
  3 gnolls (D:3)
  6 adders
  A worm (D:4)
  2 dart slugs
  2 orcs
  4 bats
  10 endoplasms
  5 giant cockroaches
  6 goblins
  9 hobgoblins
  11 jackals
  5 quokkas
  4 ball pythons
  2 frilled lizards
  7 kobolds
  5 rats
92 creatures vanquished.

Notes
Turn   | Place    | Note
-------+----------+-------------------------------------------
     0 | D:1      | lonewolfV2 the Formicid Fighter began the quest for the
                  | Orb.
     0 | D:1      | Reached XP level 1. HP: 18/18 MP: 1/1
    70 | D:1      | Reached XP level 2. HP: 15/24 MP: 2/2
   148 | D:1      | Reached XP level 3. HP: 29/30 MP: 3/3
   173 | D:1      | Reached skill level 3 in Axes
   445 | D:1      | Found a faded altar of an unknown god.
   699 | D:2      | Reached XP level 4. HP: 37/37 MP: 4/4
   760 | D:2      | Identified the +0 helmet of Baldness {rN++ Will+ rCorr
                  | Str-4}
  1134 | D:2      | Noticed Natasha
  1135 | D:2      | Noticed Jessica
  1138 | D:2      | Killed Jessica
  1139 | D:2      | Reached skill level 4 in Axes
  1139 | D:2      | Reached XP level 5. HP: 34/42 MP: 5/5
  1143 | D:2      | Killed Natasha
  1280 | D:2      | Noticed Natasha
  1285 | D:2      | Killed Natasha
  1362 | D:3      | Reached XP level 6. HP: 12/49 MP: 6/6
  2159 | D:4      | Reached skill level 5 in Axes
  2162 | D:4      | Reached skill level 5 in Fighting
  2574 | D:4      | Noticed Eustachio
  2639 | D:4      | Killed Eustachio
  2640 | D:4      | Reached skill level 6 in Axes
  2640 | D:4      | Reached XP level 7. HP: 31/57 MP: 7/7
  2750 | D:4      | Noticed Blork the orc
  2760 | D:4      | Killed Blork the orc
  2950 | D:4      | Noticed Grinder
  2962 | D:4      | Killed Grinder
  2963 | D:4      | Reached XP level 8. HP: 61/65 MP: 8/8
  2999 | D:4      | Found an ornate altar of the Wu Jian Council.
  2999 | D:4      | Found a hazy altar of Hepliaklqana.
  3100 | D:5      | Entered Level 5 of the Dungeon
  3118 | D:5      | HP: 1/97 [steam dragon] (10)]
  3120 | D:5      | Reached skill level 7 in Axes
  3120 | D:5      | Killed from afar by a steam dragon

Illustrated notes

Levels and vault maps discovered:
D:1:      roderic_crop_circles_arrival_small, layout_rooms,
          shapermc_ecumenical_altar_mp_ritualfount
D:2:      minmay_spotlight, layout_loops_cross, chequers_serial_rivers_micro_a,
          uniq_natasha, uniq_jessica
D:3:      layout_rooms, kennysheep_small_spiral, minmay_statues_item,
          dk_noncrumbling_2, chequers_serial_rivers_micro_d
D:4:      layout_rooms, gammafunk_temple_overflow_pools, nrook_mini_vaults,
          grunt_ministairs_10, uniq_blork_the_orc, uniq_eustachio, uniq_grinder
D:5:      kennysheep_steamy, layout_rooms, uniq_duvessa

Skill      XL: |  1  2  3  4  5  6  7  8 |
---------------+-------------------------+-----
Axes           | 3 4 6 7 |  7.3
Fighting       | 4 5 6 |  6.7
Armour         | |  3.2
Shields        | |  4.0

Action                     |  1- 3 |  4- 6 |  7- 9 || total
---------------------------+-------+-------+-------++-------
  Melee: War axe           |    96 |   138 |    30 ||   264
    Use: Scroll            |     5 |     4 |     1 ||    10
         Potion            |       |     3 |     3 ||     6
 Armour: Scale mail        |    43 |    93 |     8 ||   144
         Skin              |       |       |    34 ||    34
  Dodge: Dodged            |    47 |    70 |    13 ||   130
  Block: Buckler           |    31 |    75 |    23 ||   129
